 Dungeon Crawl Stone Soup version 0.28-a0-726-g4a9143789a (webtiles) character file.

Game seed: 18106253311297151492

160 pokeman the Magician (level 5, -3/29 HPs)
             Began as a Deep Elf Hedge Wizard on Oct 27, 2021.
             Slain by Crazy Yiuf (7 damage)
             ... on level 3 of the Dungeon.
             The game lasted 00:07:54 (4445 turns).

pokeman the Magician (Deep Elf Hedge Wizard)        Turns: 4445, Time: 00:07:56

Health: -3/29      AC:  4    Str:  7    XL:     5   Next: 17%
Magic:  7/16       EV: 12    Int: 20    God:
Gold:   99         SH:  0    Dex: 14    Spells: 6/17 levels left

rFire   . . .      SeeInvis .   o - +6 club
rCold   . . .      Faith    .   (no shield)
rNeg    . . .      Spirit   .   p - +0 leather armour
rPois   .          Reflect  .   j - +0 helmet
rElec   .          Harm     .   (no cloak)
rCorr   .          Rampage  .   (no gloves)
Will    .....                   (no boots)
Stlth   ++........              (no amulet)
HPRegen 0.09/turn               (no ring)
MPRegen 0.15/turn               (no ring)

@: very slightly contaminated
A: no striking features
a: no special abilities


You were on level 3 of the Dungeon.
You visited 1 branch of the dungeon, and saw 4 of its levels.

You collected 99 gold pieces.

Inventory:

Hand Weapons
 o - a +6 club (weapon)
Missiles
 f - 50 arrows
 i - 18 bolts
Armour
 a - a +0 kite shield
 j - a +0 helmet (worn)
 p - a +0 leather armour (worn)
Wands
 n - a wand of acid (10)
Scrolls
 e - 2 scrolls of immolation {unknown}
 h - 2 scrolls of magic mapping {unknown}
 q - a scroll of teleportation {unknown}
 r - a scroll of holy word {unknown}
Potions
 b - a potion of brilliance {unknown}
 c - a potion of degeneration {unknown}
 d - 4 potions of heal wounds {unknown}
 g - 2 potions of curing {unknown}
 k - a potion of mutation {unknown}
 l - a potion of lignification {unknown}
 m - a potion of might {unknown}
 s - a potion of haste {unknown}
 t - a potion of ambrosia {unknown}


   Skills:
 - Level 1.0 Fighting
 - Level 1.0 Armour
 + Level 2.9 Dodging
 - Level 2.4 Stealth
 * Level 6.6 Spellcasting
 + Level 2.2 Conjurations
 - Level 1.1 Summonings
 - Level 1.1 Translocations
 + Level 0.6 Fire Magic


You had 6 spell levels left.
You knew the following spells:

 Your Spells              Type           Power      Damage    Failure   Level
a - Magic Dart            Conj           60%        1d6       6%          1
b - Mephitic Cloud        Conj/Pois/Air  9%         N/A       32%         3
c - Call Imp              Summ           11%        N/A       14%         2
d - Blink                 Tloc           22%        N/A       14%         2
e - Conjure Flame         Conj/Fire      12%        6-21      24%         3

Your spell library contained the following spells:

 Spells                   Type           Power      Damage    Failure   Level
 Ensorcelled Hibernation  Hex/Ice        12%        N/A       22%         2
 Slow                     Hex            6%         N/A       22%         2
 Ignite Poison            Fire/Tmut/Pois 7%         N/A       36%         3
 Spider Form              Tmut/Pois      3%         N/A       41%         3
 Sticky Flame             Conj/Fire      12%        2d4       61%         4


Dungeon Overview and Level Annotations

Branches:
Dungeon (4/15)
 Temple: D:4-7

Altars:
Ashenzari
Cheibriados
Dithmenos
Gozag
Kikubaaqudgha
Uskayaw
Zin
The Shining One

Annotations:
D:3 Crazy Yiuf
D:4 Grinder


Message History

Aiming: Magic Dart (safe; 6% risk of failure)
Press: ? - help, Shift-Dir - straight line, f/p - Crazy Yiuf
Aim: Crazy Yiuf, wielding a +3 quarterstaff of chaos and wearing a +1 cloak (heavily wounded, confused, 100% to hit)
The magic dart hits Crazy Yiuf.
Crazy Yiuf is severely wounded.
Crazy Yiuf scratches his head thoughtfully.
Casting: Magic Dart (safe; 6% risk of failure)
Confirm with . or Enter, or press ? or * to list all spells.
Aiming: Magic Dart (safe; 6% risk of failure)
Press: ? - help, Shift-Dir - straight line, f/p - Crazy Yiuf
Aim: Crazy Yiuf, wielding a +3 quarterstaff of chaos and wearing a +1 cloak (severely wounded, confused, 100% to hit)
The magic dart hits Crazy Yiuf.
Crazy Yiuf is severely wounded.
Unknown command.
Casting: Magic Dart (safe; 6% risk of failure)
Confirm with . or Enter, or press ? or * to list all spells.
Aiming: Magic Dart (safe; 6% risk of failure)
Press: ? - help, Shift-Dir - straight line, f/p - Crazy Yiuf
Aim: Crazy Yiuf, wielding a +3 quarterstaff of chaos and wearing a +1 cloak (severely wounded, confused, 100% to hit)
The magic dart hits Crazy Yiuf but does no damage.
Crazy Yiuf is severely wounded.
Unknown command.
You hit Crazy Yiuf but do no damage.
Crazy Yiuf is severely wounded.
Crazy Yiuf hits you with a +3 quarterstaff of chaos.
You hit Crazy Yiuf.
Crazy Yiuf is almost dead.
Crazy Yiuf counts something out on his fingers.
Crazy Yiuf hits you with a +3 quarterstaff of chaos!
* * * LOW HITPOINT WARNING * * *
Crazy Yiuf seems less confused.
Casting: Magic Dart (safe; 6% risk of failure)
Confirm with . or Enter, or press ? or * to list all spells.
Aiming: Magic Dart (safe; 6% risk of failure)
Press: ? - help, Shift-Dir - straight line, f/p - Crazy Yiuf
Aim: Crazy Yiuf, wielding a +3 quarterstaff of chaos and wearing a +1 cloak (almost dead, 100% to hit)
The magic dart hits Crazy Yiuf but does no damage.
Crazy Yiuf is almost dead.
Crazy Yiuf hits you with a +3 quarterstaff of chaos!
You die...

#####.#.####..##
#.########.
#.#.# #....#
#.##.......
#.#.# ♣....♣
#.......##.
#.#.# ♣...♣♣
####.##.##.
#...# ♣♣.♣♣
#..........
#...# ♣.♣♣
##.##.##.##.
##.## ♣♣.♣
#........... #.#
♣.♣♣
##.##....... #.#
♣♣@♣
##.#####.#.. #.#
#g# #...........
#.# #...#
##.......... #.#
#...#
#######.#.# #.#
#..)#
########.#.# #.#
#####
#........... #.#
############ #.#
#### ### # #.#
#..# #<#


You could see Crazy Yiuf.

Vanquished Creatures
  Ijyb (D:3)
  Natasha (thrice) (D:2)
  An adder (D:4)
  A dart slug (D:3)
  9 ball pythons
  5 endoplasms
  3 giant cockroaches
  2 goblins
  6 hobgoblins
  6 kobolds
  3 quokkas (D:1)
  2 bats (D:1)
  2 frilled lizards
  5 rats
49 creatures vanquished.

Notes
Turn   | Place    | Note
-------+----------+-------------------------------------------
     0 | D:1      | pokeman the Deep Elf Hedge Wizard began the quest for the
                  | Orb.
     0 | D:1      | Reached XP level 1. HP: 10/10 MP: 7/7
   462 | D:1      | Reached XP level 2. HP: 15/15 MP: 2/9
   649 | D:1      | Reached skill level 5 in Spellcasting
  1941 | D:2      | Reached XP level 3. HP: 20/20 MP: 6/11
  1945 | D:2      | Learned a level 3 spell: Mephitic Cloud
  1948 | D:2      | Learned a level 2 spell: Call Imp
  1951 | D:2      | Learned a level 2 spell: Blink
  1955 | D:2      | Learned a level 3 spell: Conjure Flame
  1985 | D:2      | Noticed Natasha
  1995 | D:2      | Killed Natasha
  2243 | D:2      | Noticed Natasha
  2249 | D:2      | Killed Natasha
  2250 | D:2      | Reached skill level 1 in Fighting
  2250 | D:2      | Reached skill level 6 in Spellcasting
  2250 | D:2      | Reached XP level 4. HP: 25/25 MP: 5/14
  2506 | D:2      | Noticed Natasha
  2518 | D:2      | Killed Natasha
  2519 | D:2      | Reached skill level 1 in Armour
  2854 | D:2      | Found a faded altar of an unknown god.
  3407 | D:3      | Noticed Ijyb
  3416 | D:3      | Killed Ijyb
  3417 | D:3      | Reached XP level 5. HP: 29/29 MP: 9/16
  3683 | D:3      | Found a runed translucent door.
  3684 | D:3      | Noticed Crazy Yiuf
  3749 | D:3      | You fall into a shaft and drop 1 floor!
  3829 | D:4      | Found a snail-covered altar of Cheibriados.
  3833 | D:4      | Found a hide-covered altar of Uskayaw.
  3834 | D:4      | Found an opulent altar of Gozag.
  3834 | D:4      | Found a shadowy altar of Dithmenos.
  3836 | D:4      | Found a glowing silver altar of Zin.
  3837 | D:4      | Found a glowing golden altar of the Shining One.
  3839 | D:4      | Found an ancient bone altar of Kikubaaqudgha.
  4028 | D:4      | Found a broken altar of Ashenzari.
  4037 | D:4      | Noticed Grinder
  4445 | D:3      | Slain by Crazy Yiuf

Illustrated notes

Levels and vault maps discovered:
D:1:      evilmike_arrival_rings, layout_loops_corners
D:2:      layout_loops_corners, shapermc_ecumenical_altar_ellora, uniq_natasha
D:3:      layout_loops_ring, uniq_ijyb, uniq_crazy_yiuf_cottage
D:4:      layout_loops_corners, mainiacjoe_overflow_small_starburst, minitemple,
          ashenzari_altar_1, uniq_menkaure, uniq_grinder, uniq_duvessa

Skill      XL: |  1  2  3  4 |
---------------+-------------+-----
Spellcasting   | 5 6 |  6.6
Fighting       | 1 |  1.0
Armour         | 1 |  1.0
Conjurations   | 2 |  2.2
Dodging        | |  2.9
Stealth        | |  2.4
Summonings     | |  1.1
Translocations | |  1.1
Fire Magic     | |  0.6

Action                   |  1- 3 |  4- 6 || total
-------------------------+-------+-------++-------
Melee: Dagger            |       |     1 ||     1
       Club              |       |     4 ||     4
 Cast: Magic Dart        |    91 |    63 ||   154
       Mephitic Cloud    |     2 |     3 ||     5
       Conjure Flame     |       |     1 ||     1
Armor: Robe              |     7 |     3 ||    10
       Leather armour    |       |     1 ||     1
Dodge: Dodged            |    16 |     4 ||    20

Table legend: (Time is in decaauts)
 A = Elapsed time spent in this place.
 B = Non-inter-level travel time spent in this place.
 C = Inter-level travel time spent in this place.
 D = Time resting spent in this place.
 E = Time spent auto-exploring this place.
 F = Levels seen in this place.
 G = Mean time per level.
                   A        B        C        D        E       F      G
               +--------+--------+--------+--------+--------+-----+--------+
         Total |   4452 |   4345 |    107 |     45 |   3881 |   4 | 1113.0 |
       Dungeon |   4452 |   4345 |    107 |     45 |   3881 |   4 | 1113.0 |
               +--------+--------+--------+--------+--------+-----+--------+

Top non-repeatable levels by time:
     D:1: 1660 daAuts
     D:2: 1485 daAuts
     D:3: 940 daAuts
     D:4: 365 daAuts
